 Dungeon Crawl Stone Soup version 0.29-a0-653-gd47aff6735 (webtiles) character file.

Game seed: 9821241719708282959

24 cbfl8 the Cudgeller (level 3, 0/46 HPs)
             Began as a Meteoran Berserker on June 21, 2022.
             Was a Follower of Trog.
             Slain by a hobgoblin (5 damage)
             ... led by Robin
             ... on level 2 of the Dungeon.
             The game lasted 00:02:45 (1253 turns).

cbfl8 the Cudgeller (Meteoran Berserker)            Turns: 1253, Time: 00:02:45

Health: 0/46       AC: 10    Str: 20    XL:     3   Next: 32%
Magic:  4/4        EV:  1    Int:  9    God:    Trog [*.....]
Gold:   96         SH: 10    Dex: 13    Spells: 2/2 levels left

rFire   . . .      SeeInvis .   a - +0 mace
rCold   . . .      Faith    .   f - +0 tower shield
rNeg    . . .      Spirit   .   i - +0 chain mail
rPois   .          Reflect  .   h - +0 helmet
rElec   .          Harm     .   (no cloak)
rCorr   .          Rampage  .   (no gloves)
Will    .....                   (no boots)
Stlth   ..........              (no amulet)
HPRegen 0.15/turn               (no ring)
MPRegen 0.09/turn               (no ring)

@: berserking, glowing, constricted, very quick
A: sense surroundings 1, otherworldly, glowing, explore regen
a: Renounce Religion, Berserk


You were on level 2 of the Dungeon.
You worshipped Trog.
Trog was aware of your devotion.
You visited 1 branch of the dungeon, and saw 3 of its levels.

You collected 96 gold pieces.

Inventory:

Hand Weapons
 a - a +0 mace (weapon)
Armour
 b - a +0 animal skin
 f - a +0 tower shield (worn)
 h - a +0 helmet (worn)
 i - a +0 chain mail (worn)
Scrolls
 d - a scroll of teleportation {unknown}
 g - a scroll of magic mapping {unknown}
Potions
 c - a potion of ambrosia {unknown}
 e - a potion of heal wounds {unknown}


   Skills:
 + Level 3.6 Fighting
 + Level 4.5 Maces & Flails
 + Level 2.5 Armour
 + Level 3.0 Dodging
 + Level 0.1 Shields


You had 2 spell levels left.
You didn't know any spells.
Your spell library was empty.

Dungeon Overview and Level Annotations

Branches:
Dungeon (3/15) Zot: 516

Altars:

Annotations:
D:2 Robin


Innate Abilities, Weirdness & Mutations

You passively map a small area around you.
You are easily found by Zot.
You glow in the dark.
You regain HP and MP as you explore.


Message History

Robin is almost dead.
The hobgoblin no longer looks unusually strong.
The goblin hits you but does no damage.
Robin roars a battlecry!
The hobgoblin goes into a battle-frenzy!
You block the hobgoblin's attack. You block the ball python's attack.
The ball python constricts you. Robin hits you but does no damage.
The hobgoblin hits you but does no damage.
You block the goblin's attack. The ball python bites you.
The ball python constricts you.
A red film seems to cover your vision as you go berserk!
You feel yourself moving faster!
You feel mighty! You block the hobgoblin's attack.
You block the goblin's attack. Robin hits you with a +0 club.
* * * LOW HITPOINT WARNING * * *
The ball python bites you but does no damage.
The ball python constricts you.
* * * LOW HITPOINT WARNING * * *
You closely miss Robin.
Robin is almost dead.
The ball python bites you but does no damage.
The ball python constricts you.
* * * LOW HITPOINT WARNING * * *
The goblin hits you with a +0 club.
* * * LOW HITPOINT WARNING * * *
You block the hobgoblin's attack.
Robin laughs in a distinctly smug fashion.
You hit Robin.
Robin is almost dead.
The ball python bites you.
* * * LOW HITPOINT WARNING * * *
The ball python constricts you. The goblin hits you with a +0 club.
* * * LOW HITPOINT WARNING * * *
You block the hobgoblin's attack. You block the ball python's attack.
The ball python constricts you.
You closely miss Robin.
Robin is almost dead.
The goblin no longer looks unusually strong.
You block the goblin's attack. The hobgoblin hits you.
You die...

.# .# * .# #.#
##.### ** ..# ... ..
..####*#### #.. [#
...... ...## #.# .#
......,,...# #.#*.#
.#.# *
#..###.##S##.###*
.#.#
#..#..gg@gggg..$
.#.#
#..#.#.##g##.###
.#.######..#.#.# g#*
*
...............#*.#
.#.###.##..#.#.#*.#*
* , .......##..#.#.#
.# ...†.........#.#
.. , ,
.#.........###.#*#.
* ..########.# * *


You could see Robin, 2 hobgoblins, 5 goblins and a ball python.

Vanquished Creatures
  A worm (D:2)
  5 bats
  2 endoplasms (D:1)
  5 goblins
  A hobgoblin (D:2)
  2 jackals (D:2)
  A ball python (D:1)
  3 rats
20 creatures vanquished.

Notes
Turn   | Place    | Note
-------+----------+-------------------------------------------
     0 | D:1      | cbfl8 the Meteoran Berserker began the quest for the Orb.
     0 | D:1      | Reached XP level 1. HP: 19/19 MP: 2/2
   118 | D:1      | Found a faded altar of an unknown god.
   266 | D:1      | Reached XP level 2. HP: 5/26 MP: 3/3
   486 | D:1      | Glimpsed the power of Zot.
   921 | D:1      | Reached XP level 3. HP: 31/31 MP: 4/4
  1080 | D:1      | Glimpsed the power of Zot.
  1130 | D:2      | Glimpsed the power of Zot.
  1170 | D:2      | Glimpsed the power of Zot.
  1239 | D:2      | Noticed Robin
  1253 | D:2      | Slain by a hobgoblin

Illustrated notes

Levels and vault maps discovered:
D:1:      dpeg_arrival_rhombi, layout_basic, ebering_ecumenical_altar_abandoned
D:2:      layout_loops_ring, minmay_tetromino_o2, uniq_jessica, uniq_robin
D:3:      layout_loops_ring

Skill      XL: |  1  2  3 |
---------------+----------+-----
Dodging        | 3 |  3.0
Fighting       | |  3.6
Maces & Flails | |  4.5
Armour         | |  2.5
Shields        | |  0.1

Action                   || total
-------------------------++-------
Melee: Mace              ||    52
Invok: Berserk           ||     2
Armor: Animal skin       ||    26
       Chain mail        ||    27
Dodge: Dodged            ||    30
Block: Tower shield      ||    26

Table legend: (Time is in decaauts)
 A = Elapsed time spent in this place.
 B = Non-inter-level travel time spent in this place.
 C = Inter-level travel time spent in this place.
 D = Time resting spent in this place.
 E = Time spent auto-exploring this place.
 F = Levels seen in this place.
 G = Mean time per level.
                   A        B        C        D        E       F      G
               +--------+--------+--------+--------+--------+-----+--------+
         Total |   1282 |   1253 |     29 |    333 |    412 |   3 |  427.3 |
       Dungeon |   1282 |   1253 |     29 |    333 |    412 |   3 |  427.3 |
               +--------+--------+--------+--------+--------+-----+--------+

Top non-repeatable levels by time:
     D:1: 1004 daAuts
     D:2: 259 daAuts
     D:3: 18 daAuts
